 Dungeon Crawl Stone Soup version 0.31.0-32-g396128a36d (webtiles) character file.

Game seed: 12393042738861863085

23471 KennySheep the Lord of Darkness (level 12, -1/86 HPs)
             Began as a Purple Draconian Monk on Mar 3, 2024.
             Was the Champion of Kikubaaqudgha.
             Slain by a two-headed ogre
             ... wielding a +0 giant club
              (24 damage)
             ... on level 2 of the Orcish Mines on Apr 9, 2024.
             The game lasted 01:21:18 (18637 turns).

KennySheep the Lord of Darkness (DrMo)             Turns: 18637, Time: 01:21:18

Health: -1/86      AC: 20    Str: 19    XL:     12   Next: 72%
Magic:  12/35      EV: 13    Int: 12    God:    Kikubaaqudgha [******]
Gold:   597        SH:  5    Dex: 14    Spells: 15/31 levels left

rFire   . . .        a - +4 demon whip (pain)
rCold   . . .        b - orb {light}
rNeg    . . .        (body armour unavailable)
rPois   .            (helmet restricted)
rElec   +            E - +2 cloak
rCorr   .            e - +1 pair of gloves
SInv    .            U - +2 pair of boots {Stlth+}
Will    +....        c - amulet of reflection
Stlth   +            g - +4 ring of protection
HPRegen 0.34/turn    J - ring of magical power
MPRegen 0.24/turn

%: reflection
@: glowing
A: breathe power, AC +8, unfitting armour, cold-blooded, frail 1, electricity
resistance, strong 1
a: Breathe Dispelling Energy, Renounce Religion, Unearth Wretches, Torment


You were on level 2 of the Orcish Mines.
You worshipped Kikubaaqudgha.
Kikubaaqudgha was exalted by your worship.
You visited 2 branches of the dungeon, and saw 13 of its levels.
You visited 1 bazaar.
You also visited: Sewer.

You collected 1532 gold pieces.
You spent 935 gold pieces at shops.

Inventory:

Hand Weapons
 a - a +4 demon whip of pain (weapon)
Armour
 b - an orb of light (worn)
 e - a +1 pair of gloves (worn)
 E - a +2 cloak (worn)
 U - a +2 pair of boots of stealth (worn)
Magical Staves
 P - a staff of earth
Jewellery
 c - an amulet of reflection (around neck)
 g - a +4 ring of protection (left hand)
 J - a ring of magical power (right hand)
Wands
 d - a wand of flame (5)
 s - a wand of mindburst (9)
 x - a wand of iceblast (31)
 A - a wand of quicksilver (11)
 D - a wand of polymorph (4)
 H - a wand of charming (8)
Scrolls
 k - a scroll of vulnerability
 m - a scroll of poison
 y - a scroll of enchant armour
 z - 2 scrolls of revelation
 C - 2 scrolls of fog
 M - a scroll of noise
 O - a scroll of amnesia
Potions
 h - 4 potions of haste
 i - a potion of cancellation
 j - 2 potions of berserk rage
 n - a potion of degeneration {unknown}
 o - 5 potions of ambrosia
 p - 2 potions of curing
 r - a potion of magic {unknown}
 v - 2 potions of attraction
 w - 3 potions of resistance
 N - a potion of invisibility {unknown}
Miscellaneous
 S - a phantom mirror


   Skills:
 + Level 6.0 Fighting
 * Level 1.9(2.7) Maces & Flails
 - Level 2.8(3.2) Staves
 + Level 4.3 Dodging
 - Level 2.0 Stealth
 - Level 4.1 Unarmed Combat
 + Level 10.0 Spellcasting
 * Level 13.1 Necromancy
 - Level 11.5 Earth Magic
 + Level 4.4 Evocations


You had 15 spell levels left.
You knew the following spells:

 Your Spells              Type           Power      Damage    Failure   Level
a - Vampiric Draining     Necr           37%        2d8       1%          3
b - Borgnjor's Vile Clut  Necr/Erth      17%        N/A       1%          5
c - Sublimation of Blood  Necr           37%        N/A       1%          2
d - Death Channel         Necr           18%        N/A       9%          6

Your spell library contained the following spells:

 Spells                   Type           Power      Damage    Failure   Level
 Kiss of Death            Conj/Necr      84%        2d11      1%          1
 Necrotise                Necr           100%       1d9       1%          1
 Fugue of the Fallen      Necr           37%        N/A       1%          3
 Curse of Agony           Necr           37%        N/A       1%          5
 Anguish                  Hex/Necr       10%        N/A       9%          4
 Petrify                  Alch/Erth      19%        N/A       11%         4
 Hailstorm                Conj/Ice       6%         3d5       34%         3
 Summon Ice Beast         Ice/Summ       6%         N/A       34%         3
 Cause Fear               Hex            3%         N/A       75%         4
 Manifold Assault         Tloc           6%         N/A       75%         4
 Irradiate                Conj/Alch      3%         3d12      97%         5
 Conjure Ball Lightning   Conj/Air       3%         3x3d6     100%        6
 Dispersal                Tloc           3%         N/A       100%        6
 Sculpt Simulacrum        Ice/Alch       3%         N/A       100%        6
 Enfeeble                 Hex            3%         N/A       100%        7
 Disjunction              Tloc           3%         N/A       100%        8


Dungeon Overview and Level Annotations

Branches:
Dungeon (11/15)            Temple (0/1) D:4            Lair (0/5) D:10
    Orc (2/2) D:11            Elf (0/3) Orc:2         Sewer (visited)

Altars:
Ashenzari
Kikubaaqudgha
Makhleb

Shops:
D:7 (   Orc:2 (


Innate Abilities, Weirdness & Mutations

You can breathe bolts of dispelling energy.
Your rich purple scales are hard. (AC +8)
You cannot fit into any form of body armour.
You are cold-blooded and may be slowed by cold attacks.
You are frail. (-10% HP)
You are resistant to electric shocks. (rElec)
Your muscles are strong. (Str +4, Int/Dex -1)


Message History

The two-headed ogre hits you but does no damage.
You feel much better.
The two-headed ogre is engulfed in poison gas.
The two-headed ogre looks even sicker.
The two-headed ogre is engulfed in poison gas.
The two-headed ogre looks even sicker.
The two-headed ogre closely misses you.
The two-headed ogre hits you with a +0 giant spiked club!
The two-headed ogre is engulfed in poison gas.
The two-headed ogre looks even sicker.
The two-headed ogre hits you with a +0 giant club!
* * * LOW HITPOINT WARNING * * *
The two-headed ogre closely misses you.
The two-headed ogre is engulfed in poison gas.
The two-headed ogre looks as sick as possible!
The two-headed ogre hits you with a +0 giant club.
* * * LOW HITPOINT WARNING * * *
The two-headed ogre barely misses you.
Okay, then.
Okay, then.
What are your orders? t - Shout!
Orders for allies: a - Attack new target. r - Retreat! s - Stop attacking. g - Guard the area. f - Follow me.
Anything else - Cancel.
Okay, then.
Okay, then.
Casting: Borgnjor's Vile Clutch (dangerous; 1% risk of failure)
Confirm with . or Enter, or press ? or * to list all spells.
Aiming: Vampiric Draining (safe; 1% risk of failure)
Press: ? - help, Shift-Dir - straight line, f - two-headed ogre
Aim: a two-headed ogre, wielding a +0 giant club and a +0 giant spiked club (poison gas, lightly wounded, fast, very poisoned, haloed)
You draw life force from the two-headed ogre!
You feel life coursing into your body.
The two-headed ogre is no longer moving quickly.
The two-headed ogre is engulfed in poison gas.
The two-headed ogre looks even sicker.
The two-headed ogre hits you with a +0 giant club!!
You die...
Kikubaaqudgha rasps: "You have failed me!
Welcome... death!"

##* ##.###### ##..§§#..##
##.#§§§§...# ******
####..§§§§§..#*** **,**,**
##§§##§§§§§§.###.##
*,,,,,,**#§§§@O§§§.§.......#
**,,,,,*#§§§§OO.§§§§§.....##
**,,,§§§§§§§§§§§#§#§##.###
**,,,,§§§§§§§§Oo######*##
*,,,,,§§§§§§§§§.§*************
**,,,,§§§§§§§§§§§§,,,,,,,,,,,,
*,,,,.§§§§§§§§§§§§§.,,,,,,,,,,
**,...§§§§§§§§§§§§§#******.#**
**................#∩,,,,*.# *


You could see 3 two-headed ogres, an ogre and an orc.

Vanquished Creatures
  Harold (D:11)
  3 ogre magi (Orc:2)
  2 two-headed ogres
  Urug (D:11)
  Amaemon (D:8)
  Pikel (D:5)
  2 orc knights (Orc:2)
  An ugly thing (D:11)
  8 orc sorcerers
  A gargoyle (D:11)
  A kobold demonologist (D:10)
  A troll (Orc:2)
  26 yaks
  3 wyverns
  A steam dragon (D:9)
  8 wargs
  2 vampire mosquitoes (D:10)
  An acid dragon (D:11)
  Duvessa (D:5)
  6 water moccasins
  11 orc warriors
  A sky beast (D:8)
  2 ice beasts
  A black bear (D:4)
  A crocodile (Sewer)
  13 ogres
  A lemure (D:5)
  5 centaurs
  A phantom (D:6)
  A brain worm (Sewer)
  A bullfrog (D:9)
  4 kobold brigands
  2 scorpions
  6 wights
  A burial acolyte (D:9)
  Dowan (D:5)
  5 killer bees
  2 howler monkeys (D:11)
  An electric eel (D:8)
  6 crimson imps (D:10)
  2 hounds
  11 orc priests
  A gnoll bouda (D:5)
  Ijyb (D:5)
  2 iguanas
  3 sleepcaps
  15 orc wizards
  5 adders
  5 gnolls (D:5)
  2 shadow imps
  5 white imps
  2 ufetubi (D:6)
  2 adder zombies (D:9)
  2 dart slugs
  4 ribbon worms
  70 orcs
  14 bats
  5 endoplasms
  2 giant cockroaches
  6 goblins
  9 hobgoblins
  16 kobolds
  6 quokkas
  7 ball pythons
  A frilled lizard (D:1)
  2 jackal zombies (D:9)
  7 rats
344 creatures vanquished.

Vanquished Creatures (collateral kills)
  2 yaks (D:10)
  A wyvern (D:10)
  A basilisk (D:10)
  A warg (Orc:2)
  6 orc warriors (Orc:2)
  A scorpion (D:10)
  2 orc wizards (Orc:2)
  5 orcs (Orc:2)
19 creatures vanquished.

Vanquished Creatures (others)
  A vampire (D:9)
  2 orcs (Orc:2)
3 creatures vanquished.

Grand Total: 366 creatures vanquished

Notes
Turn   | Place    | Note
-------+----------+-------------------------------------------
     0 | D:1      | KennySheep the Draconian Monk began the quest for the Orb.
     0 | D:1      | Reached XP level 1. HP: 19/19 MP: 1/1
   219 | D:1      | Reached XP level 2. HP: 26/26 MP: 2/2
   776 | D:2      | Reached XP level 3. HP: 16/33 MP: 3/3
  1079 | D:2      | Found a faded altar of an unknown god.
  1091 | D:2      | Reached XP level 4. HP: 30/40 MP: 4/4
  1098 | D:2      | Prayed at the altar of an unknown god.
  1098 | D:2      | Became a worshipper of Kikubaaqudgha
  1098 | D:2      | Reached * piety under Kikubaaqudgha
  1098 | D:2      | Received a gift from Kikubaaqudgha
  1098 | D:2      | Reached ** piety under Kikubaaqudgha
  1614 | D:3      | Reached *** piety under Kikubaaqudgha
  1614 | D:3      | Received a gift from Kikubaaqudgha
  1633 | D:3      | Reached skill level 1 in Necromancy
  1646 | D:3      | Learned a level 3 spell: Vampiric Draining
  2083 | D:3      | Reached XP level 5. HP: 46/46 MP: 5/5
  2329 | D:3      | Reached skill level 2 in Necromancy
  2329 | D:3      | Reached skill level 1 in Earth Magic
  2857 | D:4      | Found a staircase to the Ecumenical Temple.
  2940 | D:4      | Noticed an ogre
  2953 | D:4      | Killed an ogre
  2954 | D:4      | Reached skill level 3 in Necromancy
  2954 | D:4      | Reached XP level 6. HP: 46/52 MP: 6/6
  4010 | D:5      | Entered Level 5 of the Dungeon
  4096 | D:5      | Reached skill level 1 in Spellcasting
  4096 | D:5      | Reached skill level 4 in Necromancy
  4096 | D:5      | Your scales start taking on a rich purple colour.
  4096 | D:5      | Reached XP level 7. HP: 45/59 MP: 2/8
  4221 | D:5      | Noticed Dowan
  4223 | D:5      | Noticed Duvessa
  4249 | D:5      | Killed Duvessa
  4255 | D:5      | Killed Dowan
  4255 | D:5      | Reached **** piety under Kikubaaqudgha
  4393 | D:5      | Noticed Pikel
  4412 | D:5      | Killed Pikel
  4413 | D:5      | Reached skill level 5 in Necromancy
  4413 | D:5      | Reached skill level 5 in Earth Magic
  4413 | D:5      | Reached XP level 8. HP: 63/66 MP: 0/12
  4632 | D:5      | Learned a level 5 spell: Borgnjor's Vile Clutch
  4647 | D:5      | Noticed Ijyb
  4673 | D:5      | Killed Ijyb
  5412 | D:6      | Reached skill level 6 in Necromancy
  5460 | D:6      | Found a glowing drain.
  5471 | Sewer    | Entered a sewer
  5774 | Sewer    | Got the Papyrus of the Grim Storm
  6468 | D:6      | Reached skill level 7 in Necromancy
  6468 | D:6      | Reached XP level 9. HP: 34/66 MP: 9/15
  6742 | D:6      | Gained mutation: You are clumsy. (Dex -2) [potion of
                  | mutation]
  6742 | D:6      | Gained mutation: You are frail. (-10% HP) [potion of
                  | mutation]
  6900 | D:7      | HP: 3/63 [killer bee (6)]
  7200 | D:7      | Found Onavebb's Weapon Boutique.
  7362 | D:7      | Found a broken altar of Ashenzari.
  7492 | D:7      | Reached skill level 5 in Spellcasting
  7862 | D:8      | Upgraded the game from 0.31.0-12-g77e489cdc1 to
                  | 0.31.0-32-g396128a36d
  8392 | D:8      | Noticed an orange demon
  8393 | D:8      | Noticed Amaemon
  8412 | D:8      | Reached ***** piety under Kikubaaqudgha
  8413 | D:8      | Reached skill level 8 in Necromancy
  9008 | D:8      | Reached XP level 10. HP: 52/70 MP: 13/19
  9106 | D:8      | Learned a level 2 spell: Sublimation of Blood
  9837 | D:8      | Killed Amaemon
  9838 | D:8      | Reached skill level 9 in Necromancy
 10119 | D:9      | Noticed a two-headed ogre
 10260 | D:9      | Killed a two-headed ogre
 10799 | D:9      | Reached skill level 1 in Evocations
 10806 | D:9      | Found an ancient bone altar of Kikubaaqudgha.
 10888 | D:10     | Entered Level 10 of the Dungeon
 10922 | D:10     | Reached skill level 10 in Necromancy
 10927 | D:10     | Reached skill level 10 in Earth Magic
 11240 | D:10     | Found a staircase to the Lair.
 11541 | D:10     | Reached XP level 11. HP: 75/75 MP: 12/22
 12146 | D:10     | Noticed a two-headed ogre
 12160 | D:10     | Killed a two-headed ogre
 12161 | D:10     | Reached skill level 1 in Staves
 12723 | D:11     | Noticed a brown ugly thing
 12749 | D:11     | Killed a brown ugly thing
 12850 | D:11     | Reached skill level 11 in Necromancy
 13007 | D:11     | Found a staircase to the Orcish Mines.
 13024 | D:11     | Noticed Urug
 13062 | D:11     | Killed Urug
 13873 | D:11     | Noticed Harold
 13895 | D:11     | Killed Harold
 14251 | Orc:1    | Entered Level 1 of the Orcish Mines
 14251 | Orc:1    | Noticed an orc sorcerer
 14260 | Orc:1    | Killed an orc sorcerer
 14581 | Orc:1    | Learned a level 6 spell: Death Channel
 14602 | Orc:2    | Entered Level 2 of the Orcish Mines
 14602 | Orc:2    | Noticed an orc knight
 14602 | Orc:2    | Noticed an orc sorcerer
 14602 | Orc:2    | Found a burning altar of Makhleb.
 14611 | Orc:2    | Paralysed by an orc sorcerer for 2 turns
 14614 | Orc:2    | Killed an orc sorcerer
 14622 | Orc:2    | Killed an orc knight
 14622 | Orc:2    | Reached ****** piety under Kikubaaqudgha
 14856 | Orc:2    | Noticed an orc sorcerer
 14857 | Orc:2    | Found a flickering gateway to a bazaar.
 14859 | Orc:2    | Paralysed by an orc sorcerer for 4 turns
 14866 | Orc:2    | Paralysed by an orc sorcerer for 5 turns
 14868 | Orc:2    | Killed an orc sorcerer
 14869 | Orc:2    | Reached skill level 12 in Necromancy
 14869 | Orc:2    | Reached XP level 12. HP: 83/83 MP: 24/24
 14932 | Bazaar   | Entered a bazaar
 15018 | Bazaar   | Found Ruock's Assorted Antiques.
 15026 | Bazaar   | Bought a scroll labelled HIMYPINADY for 23 gold pieces
 15026 | Bazaar   | Bought a brown potion for 20 gold pieces
 15034 | Bazaar   | Found Kaw Urchuu's Jewellery Shoppe.
 15038 | Bazaar   | Found Umyudueck's Antique Armour Boutique.
 15059 | Bazaar   | Found Juput's General Store.
 15067 | Bazaar   | Bought 2 potions of haste for 200 gold pieces
 15067 | Bazaar   | Bought a potion of resistance for 100 gold pieces
 15067 | Bazaar   | Bought a scroll of blinking for 75 gold pieces
 15102 | Bazaar   | Bought a pair of glowing boots for 172 gold pieces
 15149 | Bazaar   | Bought a potion of attraction for 30 gold pieces
 15257 | Orc:2    | Found Eqexagukh's Antique Weapon Shoppe.
 16251 | Orc:1    | Reached skill level 5 in Fighting
 17146 | Orc:2    | Paralysed by an orc sorcerer for 3 turns
 17154 | Orc:2    | Reached skill level 1 in Stealth
 17933 | Orc:2    | Gained mutation: You do not regenerate when monsters are
                  | visible. [a neqoxec]
 17936 | Orc:2    | Gained mutation: Your muscles are strong. (Str +4, Int/Dex
                  | -1) [a neqoxec]
 17941 | Orc:2    | Lost mutation: You do not regenerate when monsters are
                  | visible. [potion of mutation]
 17941 | Orc:2    | Lost mutation: You are clumsy. (Dex -2) [potion of
                  | mutation]
 17941 | Orc:2    | Gained mutation: You are resistant to electric shocks.
                  | (rElec) [potion of mutation]
 18450 | Orc:2    | Bought a demon whip for 315 gold pieces
 18451 | Orc:2    | Identified a +2 demon whip of pain (a +0 demon whip
                  | bloodied by Kikubaaqudgha)
 18451 | Orc:2    | Received a gift from Kikubaaqudgha
 18587 | Orc:2    | Noticed an ogre mage
 18587 | Orc:2    | Noticed an ogre mage
 18587 | Orc:2    | Noticed an ogre mage
 18590 | Orc:2    | Noticed a two-headed ogre
 18592 | Orc:2    | Noticed an ogre mage
 18592 | Orc:2    | Noticed a two-headed ogre
 18593 | Orc:2    | Noticed a two-headed ogre
 18597 | Orc:2    | Noticed a two-headed ogre
 18599 | Orc:2    | Killed an ogre mage
 18600 | Orc:2    | Reached skill level 1 in Maces & Flails
 18600 | Orc:2    | Reached skill level 13 in Necromancy
 18603 | Orc:2    | Killed an ogre mage
 18606 | Orc:2    | Noticed a two-headed ogre
 18608 | Orc:2    | Killed an ogre mage
 18609 | Orc:2    | Reached skill level 10 in Spellcasting
 18637 | Orc:2    | Slain by a two-headed ogre

Illustrated notes

Levels and vault maps discovered:
D:1:      dpeg_arrival_boxorama, layout_loops_ring
D:2:      layout_basic, shapermc_ecumenical_altar_mp_highgroup
D:3:      minmay_evil_eye, layout_basic
D:4:      layout_basic, minmay_temple_entry_enclosed_plants, hex_tiny,
          nrook_uturn
D:5:      layout_loops_ring, uniq_duvessa, uniq_ijyb, uniq_pikel
D:6:      layout_loops_corners, mainiacjoe_sewer_entry_somewhere_in_here_1
D:7:      layout_rooms, lemuel_crystal_altar, serial_shops, shop
D:8:      cheibrodos_helix_gallery, layout_loops_corners, grunt_decor_fettered,
          uniq_amaemon
D:9:      layout_basic, lemuel_zombie_altar_kikubaaqudgha, grunt_tough_drop
D:10:     layout_cave_pods, minmay_lair_entry_grove, minmay_nine_imps
D:11:     layout_long_grid, orc_0_dummy, uniq_urug, uniq_harold
Orc:1:    layout_caves
Orc:2:    st_orc_town, layout_diamond_mine, serial_shops, bzr_entry_gold,
          mumra_transporter_accident, bloody_makhleb

Skill      XL: |  1  2  3  4  5  6  7  8  9 10 11 12 |
---------------+-------------------------------------+-----
Dodging        | 3 4 |  4.3
Unarmed Combat | 4 |  4.1
Fighting       | 4 6 |  6.0
Necromancy     | 1 3 4 5 7 8 10 12 13 | 13.1
Earth Magic    | 2 3 5 6 8 10 11 | 11.5
Spellcasting   | 1 3 4 6 7 8 10 | 10.0
Evocations     | 2 4 |  4.4
Staves         | 1 2 |  2.8
Stealth        | 2 |  2.0
Maces & Flails | 1 |  1.9

Action                     |  1- 3 |  4- 6 |  7- 9 | 10-12 || total
---------------------------+-------+-------+-------+-------++-------
  Melee: Unarmed           |   119 |   260 |   590 |    26 ||   995
         Tailslap          |    13 |    36 |    88 |    49 ||   186
         Punch             |     3 |     9 |    16 |     6 ||    34
         Staff             |       |       |       |   206 ||   206
         Whip              |       |       |       |    20 ||    20
         Demon whip        |       |       |       |    16 ||    16
   Cast: Vampiric Draining |       |     2 |    40 |    14 ||    56
         Borgnjor's Vile C |       |       |     9 |   222 ||   231
         Death Channel     |       |       |       |     6 ||     6
         Sublimation of Bl |       |       |       |     1 ||     1
 Invoke: Brand Weapon With |       |       |       |     1 ||     1
Ability: Breathe Dispellin |       |       |     5 |       ||     5
  Evoke: Wand              |       |       |     1 |     3 ||     4
    Use: Scroll            |       |     3 |     8 |    14 ||    25
         Potion            |       |       |     3 |    11 ||    14
   Stab: Sleeping          |     2 |     2 |     1 |       ||     5
         Distracted        |       |     1 |       |       ||     1
 Armour: Skin              |    55 |   126 |   404 |   351 ||   936
  Dodge: Dodged            |    73 |   137 |   434 |   307 ||   951
  Block: Other             |    31 |    46 |   149 |    53 ||   279
         Reflection        |     1 |       |     3 |     3 ||     7
